 Seeded DCSS version 0.27.0-1-g7a08968 (webtiles) character file.

Game seed: 20211223 (custom seed)

70 Ayyar the Shield-Bearer (level 4, -11/40 HPs)
             Began as a Minotaur Fighter on Dec 23, 2021.
             Killed by nerve-wracking pain
             ... invoked by Grinder
              (12 damage)
             ... on level 3 of the Dungeon.
             The game lasted 00:04:39 (2084 turns).

Ayyar the Shield-Bearer (Minotaur Fighter)          Turns: 2084, Time: 00:04:40

Health: -11/40     AC:  8    Str: 21    XL:     4   Next: 3%
Magic:  3/3        EV:  7    Int:  5    God:
Gold:   101        SH:  9    Dex: 10    Spells: 3/3 levels left

rFire    . . .     SeeInvis .   a - +0 war axe
rCold    . . .     Faith    .   c - +0 kite shield
rNeg     . . .     Spirit   .   b - +0 scale mail
rPois    .         Reflect  .   (helmet restricted)
rElec    .         Harm     .   l - +0 cloak
rCorr    .         Rampage  .   (no gloves)
Will     .....                  (no boots)
Stlth    ..........             (no amulet)
HPRegen  0.13/turn              (no ring)
MPRegen  0.08/turn              (no ring)

@: hasted, very quick
A: horns 2, retaliatory headbutt
a: no special abilities


You were on level 3 of the Dungeon.
You visited 1 branch of the dungeon, and saw 3 of its levels.

You collected 101 gold pieces.

Inventory:

Hand Weapons
 a - a +0 war axe (weapon)
Missiles
 e - 8 boomerangs (quivered)
Armour
 b - a +0 scale mail (worn)
 c - a +0 kite shield (worn)
 l - a +0 cloak (worn)
Jewellery
 o - an amulet of magic regeneration
Wands
 m - a wand of charming (8)
Scrolls
 f - 2 scrolls of enchant armour {unknown}
 g - 2 scrolls of identify {unknown}
 h - 2 scrolls of teleportation {unknown}
 i - a scroll of vulnerability {unknown}
 j - a scroll of amnesia {unknown}
 k - a scroll of blinking {unknown}
Potions
 d - a potion of might


   Skills:
 + Level 4.1 Fighting
 * Level 3.7 Axes
 + Level 1.1 Throwing
 + Level 4.0 Armour
 + Level 4.1 Shields


You had 3 spell levels left.
You didn't know any spells.
Your spell library was empty.

Dungeon Overview and Level Annotations

Branches:
Dungeon (3/15)

Altars:
Cheibriados

Annotations:
D:3 Grinder


Innate Abilities, Weirdness & Mutations

You have a pair of horns on your head.
You reflexively headbutt those who attack you in melee.


Message History

You barely miss Grinder. You headbutt Grinder, but do no damage.
Grinder is severely wounded.
The bat hits you but does no damage.
Grinder says, "Just stop there for a second..."
You block Grinder's attack. Grinder hits you.
You hit Grinder but do no damage.
Grinder is severely wounded.
You block the bat's attack.
Grinder says, "There's only one good use for a tongue: cutting it out."
Grinder hits you.
You writhe in agony.
You hit Grinder but do no damage.
Grinder is severely wounded.
The bat completely misses you. The bat hits you but does no damage.
You block Grinder's attack. Grinder gestures at you.
You suddenly lose the ability to move!
The bat hits you but does no damage. Grinder hits you!
* * * LOW HITPOINT WARNING * * *
You writhe in agony.
* * * LOW HITPOINT WARNING * * *
The bat hits you.
* * * LOW HITPOINT WARNING * * *
Grinder hits you but does no damage. The bat hits you but does no damage. x3
Grinder gestures at you.
You shrug off the repeated paralysis!
The bat hits you but does no damage. Grinder hits you but does no damage.
The bat hits you but does no damage. x2; Grinder hits you.
* * * LOW HITPOINT WARNING * * *
You writhe in agony.
* * * LOW HITPOINT WARNING * * *
The bat hits you.
* * * LOW HITPOINT WARNING * * *
Grinder hits you but does no damage.
You can move again.
It was a potion of haste.
You feel yourself speed up. The bat hits you.
* * * LOW HITPOINT WARNING * * *
Grinder gestures at you. Pain shoots through your body!
You die...

#############
#####...........#
.........######.#
................#
###....@#.#.##..#
#[...b5..##.#..###
..................#
##........#..#..#.#
................#.#
.###........###.#.#
##.##...## #.#.# #[
##.## #.#.# #.
#.#.#


You could see Grinder and a bat.

Vanquished Creatures
  A gnoll (D:1)
  2 adders
  A dart slug (D:1)
  4 ball pythons
  3 endoplasms
  2 giant cockroaches (D:1)
  4 jackals (D:2)
  4 kobolds (D:1)
  2 quokkas
  5 bats
  5 frilled lizards
  4 goblins (D:1)
  3 rats (D:1)
40 creatures vanquished.

Notes
Turn   | Place    | Note
-------+----------+-------------------------------------------
     0 | D:1      | Ayyar the Minotaur Fighter began the quest for the Orb.
     0 | D:1      | Reached XP level 1. HP: 19/19 MP: 0/0
   256 | D:1      | Reached XP level 2. HP: 27/27 MP: 1/1
   652 | D:1      | Reached XP level 3. HP: 33/33 MP: 2/2
   902 | D:1      | Found a faded altar of an unknown god.
  1500 | D:2      | Found a snail-covered altar of Cheibriados.
  1507 | D:2      | Reached skill level 1 in Throwing
  1870 | D:3      | Reached XP level 4. HP: 18/40 MP: 3/3
  2068 | D:3      | Noticed Grinder
  2077 | D:3      | Paralysed by Grinder for 7 turns
  2083 | D:3      | HP: 2/40 [bat (1)]
  2084 | D:3      | Killed from afar by Grinder

Illustrated notes

Levels and vault maps discovered:
D:1:      dpeg_arrival_simpleton_c, layout_loops_ring,
          hellmonk_ecumenical_altar_inner_sanctum, chequers_avenue
D:2:      layout_basic, basic_altar, dk_noncrumbling_4
D:3:      layout_loops_ring, minmay_increasing_density, uniq_crazy_yiuf_cottage,
          uniq_ijyb, uniq_jessica, uniq_natasha, uniq_grinder

Skill      XL: |  1  2  3 |
---------------+----------+-----
Axes           | 3 |  3.7
Shields        | 4 |  4.1
Fighting       | 4 |  4.1
Armour         | 4 |  4.0
Throwing       | 1 |  1.1

Action                   |  1- 3 |  4- 6 || total
-------------------------+-------+-------++-------
Melee: War axe           |    96 |     8 ||   104
       Headbutt          |    13 |     1 ||    14
  Use: Potion            |       |     1 ||     1
Armor: Scale mail        |    63 |    18 ||    81
Dodge: Dodged            |    37 |     2 ||    39
Block: Kite shield       |    51 |    12 ||    63
